Map: Terrasses de Prion

Players

Hurricane

  • Race: Terran Terran
  • League: Diamond

Worming - Winner!

  • Race: Zerg Zerg
  • League: Diamond

VOD

Have the link to the VOD?

Description

Time

  • Played on: Nov. 13, 2015, 2:34 p.m.
  • Length: 14:19
Show
View Real Time Build Order
Export as new Build Order

Hurricane Terran 

Build Orders: Liberator Opening, Reaper Expand, MMM Bio 

Get SALT Encoding   

  12  0:01  SCV  
  13  0:13  SCV  
  14  0:18  Supply Depot  
  14  0:25  SCV  
  15  0:40  SCV  
  15  0:42  Barracks  
  16  0:47  Refinery  
  16  0:52  SCV  
  18  1:04  SCV  
  18  1:16  SCV  
  19  1:29  Orbital Command  
  19  1:30  Reaper  
  20  1:41  Command Center  
  20  1:51  Supply Depot  
  20  1:54  SCV  
  21  2:02  Marine  
  21  2:07  SCV  
  23  2:10  Factory  
  23  2:16  Refinery  
  23  2:19  SCV  
  24  2:25  Barracks Reactor  
  24  2:31  SCV  
  25  2:43  SCV  
  26  2:55  SCV  
  26  2:56  Orbital Command  
  27  3:02  Supply Depot  
  27  3:11  Starport  
  27  3:12  Hellion x2, Barracks Reactor  
  31  3:15  SCV  
  32  3:24  Bunker  
  32  3:28  SCV  
  32  3:30  SCV  
  32  3:33  Hellion x2  
  38  3:39  Liberator  
  37  3:43  SCV x2  
  39  3:49  Liberator  
  39  3:55  Hellion x2, SCV  
  47  4:07  SCV x2  
  52  4:10  Supply Depot  
  52  4:11  Refinery  
  52  4:12  Supply Depot  
  50  4:20  SCV x2  
  50  4:22  Liberator  
  52  4:32  SCV x2  
  52  4:34  Barracks Tech Lab  
  54  4:39  Barracks  
  54  4:40  Barracks  
  54  4:44  SCV x2  
  59  4:52  Refinery  
  59  4:56  SCV  
  59  4:58  Supply Depot x2  
  60  5:01  Stimpack, Marine  
  60  5:03  SCV  
  62  5:08  SCV  
  62  5:12  Barracks  
  63  5:15  SCV  
  63  5:18  Engineering Bay  
  63  5:20  SCV  
  59  5:44  SCV  
  57  5:54  SCV  
  57  5:56  Marine x3, Marauder, SCV  
  64  6:05  Barracks x2  
  64  6:06  SCV  
  65  6:13  Command Center  
  65  6:18  SCV x2  
  62  6:19  Marine x2  
  62  6:20  Barracks Tech Lab  
  62  6:21  Terran Infantry Weapons Level 1  
  62  6:22  Barracks x2  
  65  6:31  Supply Depot  
  65  6:33  Supply Depot  
  65  6:39  Command Center  
  65  6:43  Barracks Reactor  
  65  6:49  SCV x2  
  67  6:55  Armory  
  67  6:56  Combat Shields  
  67  6:57  Engineering Bay, Marine  
  67  6:58  Marine  
  69  7:01  SCV  
  69  7:03  Marine x3  
  69  7:05  Medivac x2  
  69  7:06  Factory Tech Lab  
  77  7:31  Marauder x2, Marine x4  
  77  7:32  Marine  
  77  7:33  Siege Tank  
  77  7:35  Medivac x2  
  77  7:36  Orbital Command  
  95  7:40  Barracks Reactor x2  
  95  7:42  SCV x2  
  95  7:48  Liberator x2  
  95  7:52  Terran Infantry Armor Level 1  
  95  7:56  Terran Ship Weapons Level 1  
  97  8:18  Marauder x2  
  95  8:33  Orbital Command  
  95  8:37  Marine x4  
  95  8:38  Marine x3  
  95  8:40  Siege Tank, Marauder x2  
  109  8:47  SCV  
  110  9:01  Marauder x2  
  113  9:08  Marine x2  
  113  9:09  Marine x4  
  116  9:11  SCV  
  116  9:15  Supply Depot  
  116  9:16  Medivac x2, SCV  
  122  9:17  Supply Depot, Marine x3  
  122  9:19  Supply Depot  
  122  9:20  Terran Infantry Weapons Level 2  
  125  9:27  Supply Depot, Marine  
  125  9:28  SCV  
  125  9:30  Siege Tank, Marauder x2  
  132  9:36  Liberator x2  
  129  9:41  Marine  
  129  9:42  Marine x7  
  130  9:54  SCV  
  130  9:55  Marine x3, SCV  
  130  9:59  Supply Depot, Marine  
  142  10:00  Terran Infantry Armor Level 2, Supply Depot x2  
  142  10:01  Marine x2  
  142  10:02  Marine x4  
  148  10:11  Marine  
  148  10:13  Marauder, Marine x2  
  153  10:17  Marine  
  153  10:19  Marine x2  
  156  10:23  Marine x4  
  159  10:44  Marine x3  
  162  10:54  Marine  
  163  11:00  Marine x2  
  163  11:01  Marine, Marauder x2  
  168  11:09  Command Center  
  98  11:42  Marine x7  
  101  11:47  Marine x2  
  101  11:49  Liberator x2  
  101  11:50  Refinery, SCV x2  
  101  11:51  Refinery, Starport, Terran Ship Weapons Level 2  
  101  11:52  Starport  
  105  11:57  Armory  
  105  12:03  Marauder x2, Marine x3  
  118  12:13  Marine x4  
  122  12:28  Marauder x2, Marine x5  
  122  12:29  Starport Tech Lab  
  123  12:33  Marine  
  123  12:34  Marine x2  
  123  12:35  Starport Tech Lab  
  126  12:42  Siege Tank  
  126  12:49  Marauder x2  
  125  13:01  Planetary Fortress  
  114  13:11  Marine x4, Marauder x2  
  114  13:12  Banshee x2  
  123  13:13  Liberator, Marine x3  
  123  13:14  Liberator  
  123  13:15  SCV x2  
  123  13:17  Marine x2  
  130  13:29  Marine  
  130  13:32  Marauder x2  
  141  13:38  Marine  
  141  13:39  Marine x7  
  149  13:47  Refinery  
  149  13:48  Refinery  
  149  13:53  Marauder  
  149  13:54  Marauder  
Show
View Real Time Build Order
Export as new Build Order

Worming Zerg - Winner!

Build Orders: Hatch First, Lurkers 

Get SALT Encoding   

  12  0:05  Drone  
  13  0:15  Overlord  
  13  0:22  Drone  
  14  0:37  Drone x2  
  14  0:42  Drone  
  17  0:48  Drone  
  18  0:59  Hatchery  
  18  1:00  Drone  
  18  1:15  Spawning Pool  
  18  1:16  Drone  
  18  1:27  Drone  
  18  1:31  Drone  
  20  1:40  Extractor  
  20  1:45  Overlord  
  19  2:04  Queen  
  19  2:05  Zergling x4  
  23  2:11  Queen  
  23  2:12  Drone  
  26  2:16  Drone  
  27  2:23  Drone  
  28  2:30  Extractor  
  27  2:40  Drone  
  27  2:43  Metabolic Boost  
  28  2:55  Drone x2  
  28  2:57  Overlord  
  28  2:58  Drone x2  
  32  3:06  Queen  
  32  3:07  Overlord  
  34  3:15  Drone x3  
  34  3:17  Drone  
  34  3:19  Drone  
  39  3:21  Hatchery  
  38  3:27  Zergling x4  
  38  3:29  Drone x2  
  42  3:44  Drone x2  
  42  3:47  Drone  
  45  3:50  Extractor  
  45  3:51  Extractor  
  45  3:55  Overlord  
  43  4:01  Spine Crawler  
  42  4:03  Drone x3  
  42  4:04  Drone x2, Roach Warren  
  42  4:05  Drone  
  46  4:20  Overlord  
  46  4:23  Zergling x4  
  46  4:24  Zergling x4  
  49  4:29  Queen  
  51  4:34  Drone x3  
  51  4:36  Evolution Chamber  
  51  4:37  Evolution Chamber  
  52  4:43  Drone  
  53  4:47  Roach  
  53  4:48  Roach x2  
  59  4:56  Drone x2  
  59  4:58  Drone x2  
  63  5:02  Zerg Missile Weapons Level 1  
  63  5:12  Roach  
  63  5:13  Roach x3  
  71  5:18  Zerg Ground Armor Level 1  
  71  5:19  Drone x2  
  55  5:52  Drone  
  55  5:53  Drone x4  
  55  5:54  Drone  
  55  5:55  Drone x2  
  63  6:00  Spore Crawler  
  62  6:06  Drone  
  60  6:14  Ravager x3  
  60  6:15  Ravager x2  
  60  6:16  Roach  
  60  6:17  Roach x3  
  73  6:26  Lair  
  73  6:29  Extractor  
  73  6:31  Queen  
  74  6:33  Hatchery  
  73  6:40  Drone  
  73  6:41  Overlord x2  
  73  6:42  Overlord x2  
  74  7:15  Drone x2  
  76  7:19  Drone x13  
  89  7:32  Zerg Missile Weapons Level 2, Zerg Ground Armor Level 2  
  89  7:33  Glial Reconstitution  
  89  7:38  Extractor x2  
  89  7:41  Pneumatized Carapace  
  89  7:44  Drone x3  
  90  7:45  Drone x3  
  93  7:53  Overseer  
  93  7:56  Hatchery  
  93  7:57  Queen  
  94  8:00  Overlord  
  94  8:01  Overlord x2  
  94  8:06  Hydralisk Den  
  87  8:24  Roach  
  87  8:25  Zergling x2, Roach x6  
  87  8:26  Zergling x22  
  109  8:32  Roach x5  
  109  8:33  Roach  
  116  8:51  Lurker Den  
  116  8:58  Infestation Pit  
  108  9:08  Hydralisk x6  
  108  9:09  Zergling x2  
  121  9:10  Zergling x26  
  121  9:12  Overlord x2  
  133  9:27  Extractor  
  133  9:29  Extractor  
  117  9:51  Drone x3  
  117  9:52  Drone x2  
  122  9:53  Drone  
  122  9:54  Hive  
  122  9:57  Overlord, Zerg Melee Weapons Level 1  
  122  9:58  Overlord x4  
  122  9:59  Zergling x2, Roach  
  126  10:00  Zergling x2  
  126  10:01  Zergling x24  
  139  10:12  Overlord  
  139  10:21  Muscular Augments  
  139  10:25  Ravager  
  139  10:26  Lurker, Ravager  
  139  10:27  Lurker x5  
  139  10:28  Hydralisk x6  
  148  10:29  Zergling x4  
  148  10:33  Hatchery  
  140  10:54  Zergling x2  
  140  10:55  Zergling x8, Roach  
  140  10:56  Roach x10  
  149  11:26  Roach x10  
  151  11:37  Roach x3  
  151  11:38  Roach x6  
  132  11:47  Roach x5  
  139  11:59  Drone x6  
  145  12:06  Ravager x5  
  145  12:07  Hydralisk  
  145  12:08  Hydralisk  
  154  12:22  Extractor  
  153  12:25  Extractor  
  146  12:51  Roach x11, Hydralisk x3  
  150  12:52  Roach, Hydralisk x6  
  173  13:17  Ultralisk Cavern  
  172  13:21  Drone x3  
  172  13:23  Queen  
  177  13:32  Lurker x3  
  180  13:34  Hydralisk x3  
  180  13:35  Zergling x2, Hydralisk  
  189  13:49  Hatchery  
Tags
 
Add a new tag
Caveats
  • Supply blocks, unpowered buildings, or Contaminate may cause inaccurate times.
  • Supply counts are checked every 10 seconds.